 Dungeon Crawl Stone Soup version 0.23-a0-49-gd9f7a49 (webtiles) character file.

170 qdestroyer the Cudgeler (level 5, -1/46 HPs)
             Began as a Minotaur Berserker on Aug 7, 2018.
             Was a Believer of Trog.
             Slain by Duvessa
             ... wielding a +0 short sword
              (12 damage)
             ... on level 4 of the Dungeon.
             The game lasted 00:06:13 (2806 turns).

qdestroyer the Cudgeler (Minotaur Berserker)        Turns: 2806, Time: 00:06:14

Health: -1/46      AC: 15    Str: 23    XL:     5   Next: 26%
Magic:  4/4        EV: 11    Int:  4    God:    Trog [**....]
Gold:   252        SH:  0    Dex:  9    Spells: 4/4 levels left

rFire    . . .     SeeInvis .   b - +0 flail (protect)
rCold    . . .     Gourm    .   (no shield)
rNeg     . . .     Faith    .   o - +0 scale mail {MR+}
rPois    .         Spirit   .   (helmet restricted)
rElec    .         Reflect  .   c - scarf {repulsion}
rCorr    .         Harm     .   l - +0 pair of gloves
MR       ++...                  (no boots)
Stlth    ..........             (no amulet)
HPRegen  0.15/turn              d - ring of protection from magic
MPRegen  0.09/turn              (no ring)

@: lethally poisoned (-1 -> -8), protection aura, repel missiles
A: retaliatory headbutt, horns 2
a: Berserk, Trog's Hand, Renounce Religion


You were on level 4 of the Dungeon.
You worshipped Trog.
Trog was pleased with you.
You were not hungry.

You visited 1 branch of the dungeon, and saw 4 of its levels.

You collected 252 gold pieces.

Inventory:

Hand Weapons
 b - a +0 flail of protection (weapon)
Armour
 c - a scarf of repulsion (worn)
 l - a +0 pair of gloves (worn)
 o - a +0 scale mail of magic resistance (worn)
Jewellery
 d - a ring of protection from magic (left hand)
Scrolls
 a - 2 scrolls of teleportation
 e - 2 scrolls of remove curse
 g - a scroll of amnesia {unknown}
 h - a scroll of identify
 k - a scroll of enchant weapon
 n - a scroll of fog {unknown}
 p - a scroll of enchant armour {unknown}
Potions
 f - 3 potions of haste
 i - a potion of ambrosia {unknown}
 j - a potion of flight {unknown}
 m - a potion of agility {unknown}


   Skills:
 + Level 4.2 Fighting
 * Level 6.0 Maces & Flails
 + Level 3.3 Armour
 + Level 2.9 Dodging
 + Level 0.5 Stealth


You had 4 spell levels left.
You didn't know any spells.
Your spell library was empty.

Dungeon Overview and Level Annotations

Branches:
Dungeon (4/15)
 Temple: D:4-7

Altars:
Hepliaklqana

Shops:
D:4 =

Annotations:
D:4 Duvessa


Innate Abilities, Weirdness & Mutations

You reflexively headbutt those who attack you in melee.
You have a pair of horns on your head.


Message History

Duvessa screams in rage.
Duvessa goes berserk!
Your Maces & Flails skill increases to level 6!
You have reached level 5!
You feel sick. Duvessa hits you but does no damage. x2
You closely miss Duvessa.
Duvessa is lightly wounded.
You feel sick. Duvessa hits you with a short sword.
You closely miss Duvessa. You headbutt Duvessa, but do no damage.
Duvessa is lightly wounded.
You feel sick. Duvessa misses you. You furiously retaliate!
You headbutt Duvessa, but do no damage. Duvessa hits you with a short sword!
You hit Duvessa. Your headbutt misses Duvessa.
Duvessa is lightly wounded.
You feel sick. Duvessa hits you with a short sword.
* * * LOW HITPOINT WARNING * * *
You thump Duvessa!
Duvessa is moderately wounded.
You feel sick. Duvessa hits you with a short sword!
You die...

.# #.# .# #. #.# .# .. #.# .# .##
.# #####.# .# ..# ##.# #.
##...... .# #.#
########..###...##....... .# #.#
.............. #........
<####.##.##......).# #........
...##.... #.....@e.# #........
...##..# #........# #........
.).##)[# #...#.#########........
...##..## #......................
........###..........#####.......
...#.....##...######.####........
.....##...#...# #....#........
###.###.#....#### ####..........
#.###.###>..<.# ##.........


You could see Duvessa (berserk).

Vanquished Creatures
  Dowan (D:4)
  An iguana (D:4)
  Robin (D:3)
  2 adders
  An ooze (D:1)
  A leopard gecko (D:1)
  4 orcs (D:4)
  2 giant cockroaches (D:1)
  14 goblins
  9 hobgoblins
  3 jackals (D:2)
  4 kobolds
  A quokka (D:2)
  2 bats
  2 frilled lizards
  6 rats (D:1)
54 creatures vanquished.

Notes
Turn   | Place    | Note
-------+----------+-------------------------------------------
     0 | D:1      | qdestroyer the Minotaur Berserker began the quest for the Orb.
     0 | D:1      | Reached XP level 1. HP: 19/19 MP: 0/0
   123 | D:1      | Reached skill level 4 in Maces & Flails
   123 | D:1      | Reached XP level 2. HP: 12/27 MP: 1/1
  1139 | D:2      | Reached XP level 3. HP: 25/33 MP: 2/2
  1406 | D:2      | Reached ** piety under Trog
  1812 | D:3      | Noticed Robin
  2029 | D:3      | Reached skill level 5 in Maces & Flails
  2101 | D:3      | Killed Robin
  2101 | D:3      | Reached XP level 4. HP: 34/40 MP: 3/3
  2300 | D:3      | Found a hazy altar of Hepliaklqana.
  2753 | D:4      | Found Iqukie's Jewellery Emporium.
  2793 | D:4      | Noticed Dowan
  2795 | D:4      | Noticed Duvessa
  2802 | D:4      | Killed Dowan
  2802 | D:4      | Reached skill level 6 in Maces & Flails
  2802 | D:4      | Reached XP level 5. HP: 41/46 MP: 4/4
  2806 | D:4      | Slain by Duvessa

Vault maps used:
D:1:      minmay_arrival_plants_in_alcoves, hangedman_glass_teeth,
          minmay_misc_feat_tower
D:3:      lemuel_round_altar, uniq_robin
D:4:      first_ration, serial_shops, nicolae_shop_competitors_out_of_business,
          uniq_duvessa

Skill      XL: |  1  2  3  4 |
---------------+-------------+-----
Maces & Flails | 4 5 6 |  6.0
Fighting       | 4 |  4.2
Armour         | 3 |  3.3
Dodging        | |  2.9
Stealth        | |  0.5

Action                   |  1- 3 |  4- 6 || total
-------------------------+-------+-------++-------
Melee: Mace              |    83 |     6 ||    89
       Headbutt          |     8 |    12 ||    20
       Flail             |       |    32 ||    32
  Use: Scroll            |     9 |       ||     9
 Stab: Sleeping          |     1 |       ||     1
  Eat: Ration            |     1 |     1 ||     2
Armor: Animal skin       |     8 |       ||     8
       Ring mail         |     5 |     4 ||     9
       Scale mail        |       |    12 ||    12
Dodge: Dodged            |    70 |    17 ||    87
       Deflected         |       |     2 ||     2

Table legend:
 A = Spawn XP
 B = Non-spawn XP
 C = Spawn XP percentage of total XP
 D = Spawn monster count
 E = Non-spawn monster count
 F = Spawn count percentage of total count
 G = Total turns spent on level
                    A         B        C        D         E        F      G
               +---------+---------+-------+---------+---------+-------+---------
         Total |       0 |     244 |   0.0 |       0 |      54 |   0.0 |  2806
               +---------+---------+-------+---------+---------+-------+---------
           D:1 |       0 |      37 |   0.0 |       0 |      20 |   0.0 |  1125
           D:2 |       0 |      32 |   0.0 |       0 |      12 |   0.0 |   657
           D:3 |       0 |      55 |   0.0 |       0 |      16 |   0.0 |   851
           D:4 |       0 |     120 |   0.0 |       0 |       6 |   0.0 |   173
               +---------+---------+-------+---------+---------+-------+---------
